TOP OF THE 1ST |
---|
Irvine Gang Green batting - Pitching for So Cal Bruins : RHP Juan González | Pitching: RHP Juan González | | Batting: LHB Leonardo Medina | 0-0: Foul Ball, location: 2F 0-1: Ball 1-1: Fly out, F9 (Flyball, 89M) | Batting: LHB Tony Tavárez | 0-0: Ball 1-0: Ground out U3 (Groundball, 34) | Batting: RHB Buck Jones | 0-0: Ball 1-0: Called Strike 1-1: Fly out, F7 (Flyball, 7LM) | Top of the 1st over - 0 runs, 0 hits, 0 errors, 0 left on base; Irvine 0 - So Cal 0 | BOTTOM OF THE 1ST |
---|
So Cal Bruins batting - Pitching for Irvine Gang Green : RHP Dae-ho Kim | Pitching: RHP Dae-ho Kim | | Batting: LHB Jesús Campos | 0-0: Ball 1-0: Ball 2-0: Ball 3-0: Called Strike 3-1: Foul Ball, location: 2F 3-2: Foul Ball, location: 2F 3-2: Foul Ball, location: 2F 3-2: Base on Balls | Batting: RHB Lawrence Schroeder | 0-0: Grounds into double play, 6-4-3 (Groundball, 6) | Batting: RHB Rubén Calderón | 0-0: Ball 1-0: SINGLE (Line Drive, 6MD) | Batting: RHB Earl Wiggins | 0-0: Ground out 4-3 (Groundball, 4) | Bottom of the 1st over - 0 runs, 1 hit, 0 errors, 1 left on base; Irvine 0 - So Cal 0 | TOP OF THE 2ND |
---|
Irvine Gang Green batting - Pitching for So Cal Bruins : RHP Juan González | Batting: LHB Víctor Quiñones | 0-0: Ball 1-0: Foul Ball, location: 2F 1-1: Ball 2-1: Swinging Strike 2-2: Ball 3-2: Base on Balls | Batting: RHB Eduardo García | 0-0: Called Strike 0-1: Ball 1-1: Called Strike 1-2: Foul Ball, location: 2F 1-2: Foul Ball, location: 2F 1-2: Foul Ball, location: 2F 1-2: Ball 2-2: Fielders Choice at 2nd, 5-4 (Groundball, 56) | Batting: RHB José Salazar | 0-0: Ball 1-0: Foul Ball, location: 2F 1-1: Fly out, F7 (Line Drive, 7) | Batting: RHB Tom Doherty | 0-0: Ball Eduardo García is caught stealing 2nd base | Top of the 2nd over - 0 runs, 0 hits, 0 errors, 0 left on base; Irvine 0 - So Cal 0 | BOTTOM OF THE 2ND |
---|
So Cal Bruins batting - Pitching for Irvine Gang Green : RHP Dae-ho Kim | Batting: LHB Phil Smith | 0-0: Ball 1-0: Called Strike 1-1: Fly out, F7 (Flyball, 78D) | Batting: RHB Alfredo Rivera | 0-0: Ball 1-0: Ball 2-0: Called Strike 2-1: Swinging Strike 2-2: Foul Ball, location: 2F 2-2: Foul Ball, location: 2F 2-2: Fly out, F9 (Flyball, 9S) | Batting: LHB Patrick Osborne | 0-0: Fly out, F7 (Flyball, 7S) | Bottom of the 2nd over - 0 runs, 0 hits, 0 errors, 0 left on base; Irvine 0 - So Cal 0 | TOP OF THE 3RD |
---|
Irvine Gang Green batting - Pitching for So Cal Bruins : RHP Juan González | Batting: RHB Tom Doherty | 0-0: Ball 1-0: Ball 2-0: Ball 3-0: Fly out, F7 (Line Drive, 78M) | Batting: LHB José Sánchez | 0-0: Called Strike 0-1: Ball 1-1: Called Strike 1-2: Foul Ball, location: 2F 1-2: Ball 2-2: Ball 3-2: Fly out, F8 (Flyball, 8RD) | Batting: SHB Carlos Córdova | 0-0: Ball 1-0: Called Strike 1-1: Ball 2-1: Ball 3-1: Foul Ball, location: 2F 3-2: Ground out 4-3 (Groundball, 4) | Top of the 3rd over - 0 runs, 0 hits, 0 errors, 0 left on base; Irvine 0 - So Cal 0 | BOTTOM OF THE 3RD |
---|
So Cal Bruins batting - Pitching for Irvine Gang Green : RHP Dae-ho Kim | Batting: RHB Javier Deleón | 0-0: Called Strike 0-1: Foul Ball, location: 2F 0-2: Ball 1-2: Ground out 5-3 (Groundball, 56S) | Batting: RHB Sam Wallace | 0-0: Ball 1-0: Called Strike 1-1: Ball 2-1: Foul Ball, location: 2F 2-2: Foul Ball, location: 2F 2-2: Strikes out swinging | Batting: LHB Jesús Campos | 0-0: Ball 1-0: Called Strike 1-1: Fly out, F8 (Flyball, 89M) | Bottom of the 3rd over - 0 runs, 0 hits, 0 errors, 0 left on base; Irvine 0 - So Cal 0 | TOP OF THE 4TH |
---|
Irvine Gang Green batting - Pitching for So Cal Bruins : RHP Juan González | Batting: LHB Leonardo Medina | 0-0: Called Strike 0-1: Ball 1-1: Foul Ball, location: 2F 1-2: Strikes out looking | Batting: LHB Tony Tavárez | 0-0: Foul Ball, location: 2F 0-1: Fly out, F6 (Line Drive, 6) | Batting: RHB Buck Jones | 0-0: Ball 1-0: Ground out 5-3 (Groundball, 5) | Top of the 4th over - 0 runs, 0 hits, 0 errors, 0 left on base; Irvine 0 - So Cal 0 | BOTTOM OF THE 4TH |
---|
So Cal Bruins batting - Pitching for Irvine Gang Green : RHP Dae-ho Kim | Batting: RHB Lawrence Schroeder | 0-0: Ball 1-0: Called Strike 1-1: Swinging Strike 1-2: Foul Ball, location: 2F 1-2: Strikes out swinging | Batting: RHB Rubén Calderón | 0-0: Ball 1-0: Foul Ball, location: 2F 1-1: Ball 2-1: Ball 3-1: Foul Ball, location: 2F 3-2: Strikes out looking | Batting: RHB Earl Wiggins | 0-0: Called Strike 0-1: Ball 1-1: Fly out, F4 (Popup, 34S) | Bottom of the 4th over - 0 runs, 0 hits, 0 errors, 0 left on base; Irvine 0 - So Cal 0 | TOP OF THE 5TH |
---|
Irvine Gang Green batting - Pitching for So Cal Bruins : RHP Juan González | Batting: LHB Víctor Quiñones | 0-0: Ball 1-0: SOLO HOME RUN (Line Drive, 9LD), Distance : 350 ft | Batting: RHB Eduardo García | 0-0: Called Strike 0-1: Swinging Strike 0-2: Foul Ball, location: 2F 0-2: Ball 1-2: Ground out U3 (Groundball, 34) | Batting: RHB José Salazar | 0-0: Foul Ball, location: 2F 0-1: Ball 1-1: Ball 2-1: Foul Ball, location: 2F 2-2: Foul Ball, location: 2F 2-2: Ball 3-2: SINGLE (Groundball, 6MD) | Batting: RHB Tom Doherty | 0-0: Foul Ball, location: 2F 0-1: SINGLE (Line Drive, 7S) José Salazar to second | Batting: LHB José Sánchez | 0-0: Ball 1-0: Ball 2-0: Ball 3-0: Called Strike 3-1: 3-RUN HOME RUN (Flyball, 9LD), Distance : 353 ft | Batting: SHB Carlos Córdova | 0-0: Called Strike 0-1: Called Strike 0-2: Ball 1-2: Strikes out swinging | Batting: LHB Leonardo Medina | 0-0: Swinging Strike 0-1: Ball 1-1: Called Strike 1-2: Foul Ball, location: 2F 1-2: Ground out 4-3 (Groundball, 4) | Top of the 5th over - 4 runs, 4 hits, 0 errors, 0 left on base; Irvine 4 - So Cal 0 | BOTTOM OF THE 5TH |
---|
So Cal Bruins batting - Pitching for Irvine Gang Green : RHP Dae-ho Kim | Batting: LHB Phil Smith | 0-0: Foul Ball, location: 2F 0-1: Ground out U3 (Groundball, 3) | Batting: RHB Alfredo Rivera | 0-0: Foul Ball, location: 2F 0-1: Called Strike 0-2: Strikes out swinging | Batting: LHB Patrick Osborne | 0-0: Ball 1-0: Ball 2-0: Called Strike 2-1: Foul Ball, location: 2F 2-2: Foul Ball, location: 2F 2-2: SINGLE (Line Drive, 4MD) | Batting: RHB Javier Deleón | 0-0: Called Strike 0-1: Called Strike 0-2: Ball 1-2: Ball 2-2: DOUBLE (Flyball, 89XD) Patrick Osborne to third Runner from 3rd tries for Home, SAFE, no throw | Batting: RHB Sam Wallace | 0-0: Called Strike 0-1: Swinging Strike 0-2: Foul Ball, location: 2F 0-2: Fly out, F7 (Flyball, 7LS) | Bottom of the 5th over - 1 run, 2 hits, 0 errors, 1 left on base; Irvine 4 - So Cal 1 | TOP OF THE 6TH |
---|
Irvine Gang Green batting - Pitching for So Cal Bruins : RHP Juan González | Pitching: RHP Jerry Good | | Batting: LHB Tony Tavárez | 0-0: Called Strike 0-1: Ball 1-1: Swinging Strike 1-2: Strikes out looking | Batting: RHB Buck Jones | 0-0: Swinging Strike 0-1: Ball 1-1: Ball 2-1: Ball 3-1: DOUBLE (Line Drive, 89XD) | Batting: LHB Víctor Quiñones | 0-0: Intentional Walk | Batting: RHB Eduardo García | 0-0: Ball 1-0: Ball 2-0: DOUBLE (Line Drive, 89XD) Buck Jones scores Víctor Quiñones to third | Batting: RHB José Salazar | 0-0: Intentional Walk | Batting: RHB Tom Doherty | 0-0: Ball 1-0: Called Strike 1-1: Ball 2-1: Grounds into fielders choice 4-2 (Groundball, 4) Eduardo García to third José Salazar to second | Batting: LHB José Sánchez | 0-0: Called Strike 0-1: Ground out 5-3 (Groundball, 56) | Top of the 6th over - 1 run, 2 hits, 0 errors, 3 left on base; Irvine 5 - So Cal 1 | BOTTOM OF THE 6TH |
---|
So Cal Bruins batting - Pitching for Irvine Gang Green : RHP Dae-ho Kim | Batting: LHB Jesús Campos | 0-0: Foul Ball, location: 2F 0-1: Ball 1-1: Ball 2-1: Fly out, F9 (Flyball, 89S) | Batting: RHB Lawrence Schroeder | 0-0: Fly out, F7 (Flyball, 7LMF) | Batting: RHB Rubén Calderón | 0-0: SINGLE (Groundball, 6MD) | Batting: RHB Earl Wiggins | 0-0: Called Strike 0-1: Ball 1-1: Called Strike 1-2: Ground out 5-3 (Groundball, 56S) | Bottom of the 6th over - 0 runs, 1 hit, 0 errors, 1 left on base; Irvine 5 - So Cal 1 | TOP OF THE 7TH |
---|
Irvine Gang Green batting - Pitching for So Cal Bruins : RHP Jerry Good | Batting: SHB Carlos Córdova | 0-0: Called Strike 0-1: Called Strike 0-2: Ball 1-2: Foul Ball, location: 2F 1-2: Ball 2-2: DOUBLE (Groundball, 5L) | Batting: LHB Leonardo Medina | 0-0: Intentional Walk | Pitching: LHP Jim Sheppard | | Batting: LHB Tony Tavárez | 0-0: Ball 1-0: Called Strike 1-1: SINGLE (Line Drive, 7S) Carlos Córdova to third Leonardo Medina to second | Pitching: RHP Terry Adams | | Batting: RHB Buck Jones | 0-0: Swinging Strike 0-1: Fly out, F3 (Popup, 3S) | Pitching: LHP Juan Fuentes | | Batting: LHB Víctor Quiñones | 0-0: Ball 1-0: SINGLE (Flyball, 8RS) Carlos Córdova scores Leonardo Medina to third Tony Tavárez to second | Pitching: RHP Masahiko Okada | | Batting: RHB Eduardo García | 0-0: Ball 1-0: Called Strike 1-1: Ball 2-1: Foul Ball, location: 2F 2-2: SINGLE (Groundball, 4M) Leonardo Medina scores Tony Tavárez to third Víctor Quiñones to second Runner from 3rd tries for Home, throw and OUT! Víctor Quiñones to third Eduardo García to second | Batting: RHB José Salazar | 0-0: Called Strike 0-1: Foul Ball, location: 2F 0-2: Ball 1-2: Ball 2-2: Foul Ball, location: 2F 2-2: Ball Wild Pitch! Víctor Quiñones scores Eduardo García to third 3-2: Foul Ball, location: 2F 3-2: Ground out 6-3 (Groundball, 6M) | Top of the 7th over - 3 runs, 4 hits, 0 errors, 1 left on base; Irvine 8 - So Cal 1 | BOTTOM OF THE 7TH |
---|
So Cal Bruins batting - Pitching for Irvine Gang Green : RHP Dae-ho Kim | Batting: LHB Phil Smith | 0-0: Ball 1-0: Foul Ball, location: 2F 1-1: Foul Ball, location: 2F 1-2: Foul Ball, location: 2F 1-2: Ball 2-2: Ball 3-2: Base on Balls | Batting: RHB Alfredo Rivera | 0-0: Ball 1-0: Fly out, F4 (Popup, 34S) | Batting: LHB Patrick Osborne | 0-0: Called Strike 0-1: Called Strike 0-2: Grounds into double play, 6-4-3 (Groundball, 6) | Bottom of the 7th over - 0 runs, 0 hits, 0 errors, 0 left on base; Irvine 8 - So Cal 1 | TOP OF THE 8TH |
---|
Irvine Gang Green batting - Pitching for So Cal Bruins : RHP Masahiko Okada | Batting: RHB Tom Doherty | 0-0: Ground out 1-3 (Groundball, 13S) | Batting: LHB José Sánchez | 0-0: Called Strike 0-1: Ball 1-1: Called Strike 1-2: Ball 2-2: Ball 3-2: Ground out 6-3 (Groundball, 6) | Batting: SHB Carlos Córdova | 0-0: Ball 1-0: Foul Ball, location: 2F 1-1: Ground out 3-1 (Groundball, 34S) | Top of the 8th over - 0 runs, 0 hits, 0 errors, 0 left on base; Irvine 8 - So Cal 1 | BOTTOM OF THE 8TH |
---|
So Cal Bruins batting - Pitching for Irvine Gang Green : RHP Dae-ho Kim | Batting: RHB Javier Deleón | 0-0: DOUBLE (Groundball, 5L) | Batting: RHB Sam Wallace | 0-0: Called Strike 0-1: Ball 1-1: Foul Ball, location: 2F 1-2: Strikes out looking | Batting: LHB Jesús Campos | 0-0: Called Strike 0-1: Foul Ball, location: 2F 0-2: Ground out 4-3 (Groundball, 34) Javier Deleón to third | Batting: RHB Lawrence Schroeder | 0-0: Swinging Strike 0-1: Ball 1-1: Called Strike 1-2: Foul Ball, location: 2F 1-2: Ball 2-2: Ball 3-2: Strikes out swinging | Bottom of the 8th over - 0 runs, 1 hit, 0 errors, 1 left on base; Irvine 8 - So Cal 1 | TOP OF THE 9TH |
---|
Irvine Gang Green batting - Pitching for So Cal Bruins : RHP Masahiko Okada | Batting: LHB Leonardo Medina | 0-0: Foul Ball, location: 2F 0-1: Ball 1-1: Ball 2-1: Foul Ball, location: 2F 2-2: Strikes out looking | Batting: LHB Tony Tavárez | 0-0: Ball 1-0: Foul Ball, location: 2F 1-1: Foul Ball, location: 2F 1-2: SINGLE (Line Drive, 3D) | Batting: RHB Buck Jones | 0-0: Foul Ball, location: 2F 0-1: Called Strike 0-2: Ball Wild Pitch! Tony Tavárez to second 1-2: Foul Ball, location: 2F 1-2: Foul Ball, location: 2F 1-2: Ball 2-2: Foul Ball, location: 2F 2-2: Fly out, F7 (Flyball, 7S) | Batting: LHB Víctor Quiñones | 0-0: Foul Ball, location: 2F 0-1: Ball 1-1: Called Strike 1-2: Strikes out swinging | Top of the 9th over - 0 runs, 1 hit, 0 errors, 1 left on base; Irvine 8 - So Cal 1 | BOTTOM OF THE 9TH |
---|
So Cal Bruins batting - Pitching for Irvine Gang Green : RHP Dae-ho Kim | Batting: RHB Rubén Calderón | 0-0: Called Strike 0-1: Foul Ball, location: 2F 0-2: Foul Ball, location: 2F 0-2: Ball 1-2: Strikes out looking | Batting: RHB Earl Wiggins | 0-0: Fly out, F4 (Popup, 4S) | Batting: LHB Phil Smith | 0-0: Swinging Strike 0-1: Foul Ball, location: 2F 0-2: Ball 1-2: Strikes out looking | Bottom of the 9th over - 0 runs, 0 hits, 0 errors, 0 left on base; Irvine 8 - So Cal 1 | |